 Dungeon Crawl Stone Soup version 0.25.1-8-g42b30a86e7 (webtiles) character file.

Game seed: 12826058104620604278

234 Clowwww the Shield-Bearer (level 5, 42/42 HPs)
             Began as a Demonspawn Fighter on Dec 12, 2020.
             Quit the game on level 4 of the Dungeon.
             The game lasted 00:07:08 (2449 turns).

Clowwww the Shield-Bearer (Demonspawn Fighter)      Turns: 2449, Time: 00:07:09

Health: 42/42      AC: 10    Str: 18    XL:     5   Next: 75%
Magic:  5/5        EV:  5    Int:  9    God:
Gold:   148        SH: 13    Dex: 12    Spells: 4/4 levels left

rFire    . . .     SeeInvis .   a - +1 war axe
rCold    . . .     Gourm    .   c - +0 kite shield
rNeg     + . .     Faith    .   o - +1 chain mail {rN+}
rPois    .         Spirit   .   (helmet restricted)
rElec    .         Reflect  .   (no cloak)
rCorr    .         Harm     .   (no gloves)
MR       .....                  (no boots)
Stlth    ..........             (no amulet)
HPRegen  0.14/turn              (no ring)
MPRegen  0.09/turn              (no ring)

@: no status effects
A: horns 1, large bone plates 1, rot immunity
a: no special abilities


You were on level 4 of the Dungeon.
You were near starving.

You visited 1 branch of the dungeon, and saw 4 of its levels.

You collected 148 gold pieces.

Inventory:

Hand Weapons
 a - a +1 war axe (weapon)
Missiles
 l - 6 javelins (quivered)
Armour
 c - a +0 kite shield (worn)
 d - the cursed +1 leather armour of the Orb Guardian {+Fly rF- rC++ Str+3, unknown}
   (You found it on level 4 of the Dungeon)

   It affects your strength (+3).
   It makes you vulnerable to fire.
   It greatly protects you from cold.
   It lets you fly.
   It has a curse placed upon it.
 o - a +1 chain mail of positive energy (worn)
Scrolls
 b - a scroll of amnesia {unknown}
 e - a scroll of identify
Potions
 g - 5 potions of curing
 k - a potion of heal wounds
 m - a potion of lignification {unknown}
 n - a potion of degeneration {unknown}
 p - a potion of ambrosia {unknown}
 q - 2 potions of magic
Comestibles
 f - 9 rations


   Skills:
 + Level 3.7 Fighting
 + Level 3.7 Axes
 + Level 0.2 Throwing
 + Level 3.2 Armour
 + Level 0.7 Dodging
 + Level 3.8 Shields


You had 4 spell levels left.
You didn't know any spells.
Your spell library was empty.

Dungeon Overview and Level Annotations

Branches:
Dungeon (4/15)
 Temple: D:4-7

Altars:
Dithmenos
Kikubaaqudgha
Xom
The Shining One


Innate Abilities, Weirdness & Mutations

You have a pair of small horns on your head.
You are partially covered in large bone plates. (SH +4)
You are immune to rotting.


Message History

The frilled lizard hisses angrily.
Found 2 potions of curing.
You see here a plate armour.
You hit the frilled lizard.
You kill the frilled lizard!
You see here a frilled lizard corpse.
g - 5 potions of curing (gained 2)
There are no items here.
Found a falchion.
Found a heavily runed leather armour.
You hear the quick rusting of a very distant drain.
You see here a heavily runed leather armour.
d - a heavily runed leather armour You open the door.
Found a scroll of identify.
Found a shimmering altar of Xom.
Found a shadowy altar of Dithmenos.
There is an open door here.
e - a scroll of identify
There is a shimmering altar of Xom here.
Are you sure you want to abandon this character and quit the game? (Confirm with "yes".)

########################
####
........[<.......(......
...
######..#.##.###.#..###
.. #.†#.#$#<##.#..#### #§
#..#..###.......... #§
##..#.###.##.#..#### #§
#..#####...###8####.#..#
#...§§
#)........#._.@.#.....#
##.###
#..........##...##..##.##
#
.#.#######.##♣.♣##......#
#####..##'# #[.##..#
...........# #..##<.####
######..#### #..#.......
#..# ##..#...# #..#
#.......# #..#
#.......###


There were no monsters in sight!

Vanquished Creatures
  A hound (D:4)
  An orc priest (D:3)
  A worker ant (D:4)
  3 adders
  An ooze (D:3)
  4 worms
  2 dart slugs (D:3)
  4 leopard geckos
  6 orcs (D:3)
  A ball python (D:1)
  5 bats
  A bat zombie (D:2)
  A giant cockroach (D:2)
  8 hobgoblins
  11 jackals
  5 frilled lizards
  13 goblins
  14 kobolds
  7 rats
  A rat zombie (D:2)
90 creatures vanquished.

Notes
Turn   | Place    | Note
-------+----------+-------------------------------------------
     0 | D:1      | Clowwww the Demonspawn Fighter began the quest for the Orb.
     0 | D:1      | Reached XP level 1. HP: 18/18 MP: 1/1
   239 | D:1      | Gained mutation: You are partially covered in large bone
                  | plates. (SH +4) [demonic ancestry]
   239 | D:1      | Reached XP level 2. HP: 24/24 MP: 2/2
   783 | D:2      | Reached XP level 3. HP: 14/29 MP: 3/3
  1350 | D:2      | Gained mutation: You are immune to rotting. [demonic
                  | ancestry]
  1350 | D:2      | Reached XP level 4. HP: 34/35 MP: 4/4
  1406 | D:2      | Found an ancient bone altar of Kikubaaqudgha.
  1832 | D:3      | Gained mutation: You have a pair of small horns on your
                  | head. [demonic ancestry]
  1832 | D:3      | Reached XP level 5. HP: 25/41 MP: 5/5
  2123 | D:4      | Found a glowing golden altar of the Shining One.
  2441 | D:4      | Got a heavily runed leather armour
  2442 | D:4      | Found a shimmering altar of Xom.
  2443 | D:4      | Found a shadowy altar of Dithmenos.
  2449 | D:4      | Quit the game

Illustrated notes

Levels and vault maps discovered:
D:1:      dpeg_arrival_rooms_a, layout_basic, minmay_misc_feat_hallway
D:2:      layout_basic, lemuel_zombie_altar_kikubaaqudgha, minmay_quadrilaterals
D:3:      layout_rooms
D:4:      layout_loops_ring, lemuel_round_altar, tso_metal_star,
          gammafunk_temple_overflow_statue, cheibrodos_sewer_entry_bend

Skill      XL: |  1  2  3  4 |
---------------+-------------+-----
Shields        | 3 |  3.8
Armour         | 3 |  3.2
Axes           | 2 3 |  3.7
Fighting       | |  3.7
Throwing       | |  0.2
Dodging        | |  0.7

Action                   |  1- 3 |  4- 6 || total
-------------------------+-------+-------++-------
Melee: War axe           |   145 |   145 ||   290
       Headbutt          |       |     7 ||     7
Throw: Javelin           |    10 |     5 ||    15
  Use: Potion            |       |     1 ||     1
       Scroll            |       |     8 ||     8
  Eat: Chunk             |     2 |     2 ||     4
Armor: Scale mail        |    33 |       ||    33
       Chain mail        |    23 |    97 ||   120
Dodge: Dodged            |    32 |    40 ||    72
Block: Kite shield       |   119 |   137 ||   256
